details: 'double.ne.whomp'

« prev index next »

General information

Mini Map

Players

team 1
HumanCoLeGePaRtYeR17 (red | 92 APM | 922 actions | 09:59)
Hero icon 3 Archmage
Ability icon 2 Summon Water Elemental
Ability icon 1 Brilliance Aura
Hero icon 2 Mountain King
Ability icon 1 Storm Bolt
Ability icon 1 Bash

» actions
Assign group hotkey43
Basic commands42
Build / train41
ESC pressed2
Enter build submenu20
Enter hero's abilities submenu5
Right click427
Select / deselect210
Select group hotkey86
Use ability46
922 total
» units
Peasant8
Footman9
Sorceress6
23 total
» upgrades
Defend1
1 total
» buildings
Altar of Kings1
Barracks2
Farm7
Scout Tower4
Arcane Tower1
Keep1
Arcane Vault1
Lumber Mill1
Guard Tower4
Arcane Sanctum2
Blacksmith1
25 total
» build order
00:06 Altar of Kings
00:10 Barracks
00:33 Farm
00:55 Farm
00:59 Farm
01:29 Scout Tower
01:48 Farm
02:00 Arcane Tower
02:45 Barracks
03:22 Keep
03:31 Arcane Vault
03:40 Farm
04:33 Lumber Mill
04:46 Scout Tower
04:50 Scout Tower
04:52 Scout Tower
05:17 Guard Tower
05:22 Guard Tower
05:25 Guard Tower
05:28 Farm
05:45 Arcane Sanctum
05:49 Arcane Sanctum
06:06 Farm
07:52 Blacksmith
» items
Scroll of Regeneration1
1 total
OrcGayTiMe.WeRRa (teal | 121 APM | 1215 actions | 10:00)
Hero icon 4 Tauren Chieftain
Ability icon 2 War Stomp
Ability icon 2 Endurance Aura
Hero icon 2 Shadow Hunter
Ability icon 1 Hex
Ability icon 1 Healing Wave

» actions
Assign group hotkey17
Basic commands66
Build / train40
ESC pressed1
Enter build submenu9
Enter hero's abilities submenu6
Right click578
Select / deselect258
Select group hotkey212
Use ability28
1215 total
» units
Peon7
Troll Headhunter/Berserker15
22 total
» upgrades
Ranged Weapons2
Armor1
Troll Regeneration1
Berserker Upgrade1
5 total
» buildings
Altar of Storms1
Orc Burrow4
War Mill1
Barracks1
Voodoo Lounge1
Stronghold1
Fortress1
10 total
» build order
00:05 Altar of Storms
00:06 Orc Burrow
00:25 War Mill
01:14 Barracks
01:55 Orc Burrow
02:37 Voodoo Lounge
04:34 Stronghold
04:58 Orc Burrow
07:08 Fortress
08:55 Orc Burrow
» items
Healing Salve2
Scroll of Speed1
3 total
team 2
Random» NightElfpiss.on.you (orange | 72 APM | 722 actions | 09:59)
Hero icon 2 Priestess of the Moon
Ability icon 1 Trueshot Aura
Ability icon 1 Searing Arrows

» actions
Assign group hotkey2
Basic commands16
Build / train34
Enter build submenu16
Enter hero's abilities submenu2
Right click393
Select / deselect171
Select group hotkey63
Use ability25
722 total
» units
Wisp10
Archer14
Hippogryph2
26 total
» upgrades
Strength of the Moon1
Hippogryph Taming1
2 total
» buildings
Altar of Elders1
Ancient of War1
Moon Well5
Ancient of Wonders2
Hunter's Hall1
Tree of Ages1
Ancient of Wind2
Ancient of Lore1
14 total
» build order
00:09 Altar of Elders
00:18 Ancient of War
00:23 Moon Well
01:37 Moon Well
02:22 Ancient of Wonders
02:25 Ancient of Wonders
02:36 Moon Well
03:40 Hunter's Hall
04:35 Tree of Ages
06:20 Moon Well
06:59 Ancient of Wind
07:03 Ancient of Wind
07:20 Ancient of Lore
07:57 Moon Well
» items
Moonstone1
Scroll of Town Portal1
2 total
Random» NightElfSmokeWeed (purple | 51 APM | 508 actions | 09:55)
Hero icon 3 Keeper of the Grove
Ability icon 2 Entangling Roots
Ability icon 1 Thorns Aura

» actions
Assign group hotkey1
Basic commands62
Build / train34
Enter build submenu10
Enter hero's abilities submenu3
Right click204
Select / deselect174
Use ability20
508 total
» units
Wisp17
Huntress10
27 total
» upgrades
Moon Armor1
Strength of the Moon1
2 total
» buildings
Altar of Elders1
Moon Well4
Hunter's Hall1
Ancient of War2
Ancient of Wonders1
Tree of Life1
Tree of Ages1
11 total
» build order
00:08 Altar of Elders
00:18 Moon Well
01:38 Hunter's Hall
01:43 Ancient of War
02:00 Moon Well
02:13 Ancient of War
02:27 Ancient of Wonders
03:29 Moon Well
05:33 Moon Well
06:06 Tree of Life
06:32 Tree of Ages